 Dungeon Crawl Stone Soup version 0.26-a0-665-gefeb406119 (webtiles) character file.

Game seed: 9942832801055191039

9 somkeydreadnuts the Gusty (level 2, 0/15 HPs)
             Began as a Tengu Air Elementalist on Oct 15, 2020.
             Slain by a jackal (1 damage)
             ... on level 1 of the Dungeon.
             The game lasted 00:01:30 (239 turns).

somkeydreadnuts the Gusty (Tengu Air Elementalist)   Turns: 239, Time: 00:01:31

Health: 0/15       AC:  2    Str:  8    XL:     2   Next: 12%
Magic:  0/6        EV: 12    Int: 15    God:
Gold:   29         SH:  0    Dex: 14    Spells: 4/5 levels left

rFire    . . .     SeeInvis .   c - +0 club
rCold    . . .     Faith    .   (no shield)
rNeg     . . .     Spirit   .   a - +0 robe
rPois    .         Reflect  .   (helmet restricted)
rElec    .         Harm     .   (no cloak)
rCorr    .         Rampage  .   (no gloves)
MR       .....                  (boots unavailable)
Stlth    ++........             (no amulet)
HPRegen  0.05/turn              (no ring)
MPRegen  0.10/turn              (no ring)

@: very slightly contaminated
A: beak, talons 3
a: no special abilities


You were on level 1 of the Dungeon.
You visited 1 branch of the dungeon, and saw 1 of its levels.

You collected 29 gold pieces.

Inventory:

Hand Weapons
 c - a +0 club (weapon)
Armour
 a - a +0 robe (worn)
Scrolls
 b - 3 scrolls of remove curse {unknown}
 d - a scroll of amnesia {unknown}


   Skills:
 + Level 2.2 Dodging
 + Level 2.0 Stealth
 + Level 2.2 Spellcasting
 + Level 1.4 Conjurations
 + Level 4.5 Air Magic


You had 4 spell levels left.
You knew the following spells:

 Your Spells              Type           Power        Failure   Level
a - Shock                 Conj/Air       ##..         6%          1

Your spell library contained the following spells:

 Spells                   Type           Power        Failure   Level
 Swiftness                Air            ###.....     5%          2
 Static Discharge         Conj/Air       ##......     19%         3
 Airstrike                Air            ###.......   34%         4
 Lightning Bolt           Conj/Air       ##........   87%         5


Dungeon Overview and Level Annotations

Branches:
Dungeon (1/15)

Altars:


Innate Abilities, Weirdness & Mutations

You have a beak for a mouth.
You have claws for feet.


Message History

Nothing appears to happen.
The jackal barely misses you. The jackal bites you. The jackal misses you.
The jackal barely misses you.
You miss the jackal. You claw the jackal.
You kill the jackal!
The jackal closely misses you. The jackal misses you.
You barely miss the jackal.
The jackal is severely wounded.
The jackal bites you. The jackal barely misses you.
The jackal bites you but does no damage.
You closely miss the jackal.
The jackal is severely wounded.
The jackal closely misses you. The jackal bites you.
The jackal barely misses you. The jackal bites you.
* * * LOW HITPOINT WARNING * * *
You hit the jackal.
The jackal is almost dead.
The jackal completely misses you. x2; The jackal bites you.
* * * LOW HITPOINT WARNING * * *
The jackal bites you.
You die...

### ..# #.# #.# #.#
#.# #.#####h# #
#.....h@###.#
###############......#
##..............####$#
##.##............#
......#..........#
##.####.....♣....#
##.####....8.....#
##......<........#
#######..........#


You could see 2 jackals.

Vanquished Creatures
  3 hobgoblins (D:1)
  2 jackals (D:1)
  A kobold (D:1)
  A bat (D:1)
7 creatures vanquished.

Notes
Turn   | Place    | Note
-------+----------+-------------------------------------------
     0 | D:1      | somkeydreadnuts the Tengu Air Elementalist began the quest
                  | for the Orb.
     0 | D:1      | Reached XP level 1. HP: 10/10 MP: 4/4
   230 | D:1      | Reached XP level 2. HP: 13/15 MP: 0/6
   239 | D:1      | Slain by a jackal

Illustrated notes

Levels and vault maps discovered:
D:1:      wander_arrival_lonely_grave, layout_loops_cross, roderic_lattice_a,
          minmay_split_cup_large

Action                   || total
-------------------------++-------
Melee: Club              ||    11
       Kick              ||     2
       Unarmed           ||     1
       Peck              ||     1
 Cast: Shock             ||    13
Armor: Robe              ||     3
Dodge: Dodged            ||    14

Table legend: (Time is in decaauts)
 A = Elapsed time spent in this place.
 B = Non-inter-level travel time spent in this place.
 C = Inter-level travel time spent in this place.
 D = Time resting spent in this place.
 E = Time spent auto-exploring this place.
 F = Levels seen in this place.
 G = Mean time per level.
                   A        B        C        D        E       F      G
               +--------+--------+--------+--------+--------+-----+--------+
         Total |    241 |    241 |      0 |      0 |    159 |   1 |  241.0 |
       Dungeon |    241 |    241 |      0 |      0 |    159 |   1 |  241.0 |
               +--------+--------+--------+--------+--------+-----+--------+

Top non-repeatable levels by time:
     D:1: 241 daAuts
